 Dungeon Crawl Stone Soup version 0.32-a0-630-g46d191b0ed (webtiles) character file.

Game seed: 17897270000779019867

119 dialectric the Ducker (level 5, -2/41 HPs)
             Began as a Coglin Gladiator on Mar 6, 2024.
             Slain by an orc
             ... wielding a +0 falchion
              (7 damage)
             ... on level 2 of the Dungeon.
             The game lasted 00:02:04 (1362 turns).

dialectric the Ducker (Coglin Gladiator)            Turns: 1362, Time: 00:02:04

Health: -2/41      AC:  4    Str: 15    XL:     5   Next: 3%
Magic:  5/5        EV: 13    Int:  7    God:
Gold:   71         SH:  0    Dex: 17    Spells: 4/4 levels left

rFire   . . .        a - +0 trident {Walburga}
rCold   . . .        f - +0 dagger {Dagmar}
rNeg    . . .        b - +0 leather armour
rPois   .            c - +0 helmet
rElec   .            (no cloak)
rCorr   .            (no gloves)
SInv    .            (no boots)
Will    +....        (amulet unavailable)
Stlth   +            (ring unavailable)
HPRegen 0.26/turn    (ring unavailable)
MPRegen 0.09/turn    (no gizmo)

%: no passive effects
@: enlightened, flying, revved
A: off-hand wielding, slow wielding, warmup strikes, no jewellery
a: Invent Gizmo


You were on level 2 of the Dungeon.
You visited 1 branch of the dungeon, and saw 2 of its levels.

You collected 71 gold pieces.

Inventory:

Hand Weapons
 a - a +0 trident (weapon) {Walburga}
 f - a +0 dagger (offhand) {Dagmar}
Missiles
 d - 3 throwing nets (quivered)
 e - a javelin
 m - 6 datura-tipped darts
Armour
 b - a +0 leather armour (worn)
 c - a +0 helmet (worn)
Talismans
 i - a storm talisman
Scrolls
 g - a scroll of enchant weapon {unknown}
 h - a scroll of identify {unknown}
 j - a scroll of brand weapon {unknown}
 l - a scroll of summoning {unknown}
 n - a scroll of noise {unknown}
 o - a scroll of fear {unknown}


   Skills:
 + Level 3.0 Fighting
 + Level 3.3 Polearms
 + Level 2.7 Throwing
 + Level 3.4 Dodging


You had 4 spell levels left.
You didn't know any spells.
Your spell library was empty.

Dungeon Overview and Level Annotations

Branches:
Dungeon (2/15)

Altars:

Annotations:
D:1 2 transporters


Innate Abilities, Weirdness & Mutations

You can wield a second weapon in your off-hand.
It takes a long time for you to wield or remove held weapons.
Your first few attacks do less damage.
You cannot equip rings or amulets.


Message History

The gnoll is heavily wounded.
You hit the gnoll with your +0 trident. The gnoll hits you with a +0 flail!
* * * LOW HITPOINT WARNING * * *
The gnoll closely misses you.
You hit the gnoll with your +0 trident.
You kill the gnoll!
The kobold hits you but does no damage.
You barely miss the kobold with your +0 trident.
You closely miss the kobold with your +0 dagger.
The kobold closely misses you.
You puncture the kobold with your +0 trident!
You kill the kobold!
You puncture the kobold with your +0 trident!
You kill the kobold!
You hit the adder with your +0 trident.
The adder is moderately wounded.
You hit the adder with your +0 dagger. The adder closely misses you.
You barely miss the adder with your +0 dagger.
The adder is heavily wounded.
You closely miss the adder with your +0 trident.
The adder bites you but does no damage.
The rat twitches its whiskers.
The adder bites you.
* * * LOW HITPOINT WARNING * * *
You hit the adder with your +0 dagger.
The adder is almost dead.
You puncture the adder with your +0 trident!
You kill the adder!
Your Fighting skill increases to level 3!
You have reached level 5!
You puncture the rat with your +0 trident!
You kill the rat!
You hit the rat with your +0 dagger.
You kill the rat!
You hit the hobgoblin with your +0 trident.
You kill the hobgoblin!
You closely miss the orc with your +0 trident.
You barely miss the orc with your +0 dagger.
The orc hits you with a +0 falchion!
You die...

#### .... #..#
#...##################
#...o@..†..).........>
..#....#################.
...##.. #. . #..
########## #. #..
#........# #. g.#
#........# #. ###
#........# #. #.....<..#
###. #........# #...


You could see an orc.

Vanquished Creatures
  2 adders (D:2)
  4 gnolls
  A ribbon worm (D:1)
  2 dart slugs
  7 ball pythons
  4 endoplasms
  A giant cockroach (D:2)
  9 hobgoblins
  3 jackals
  4 bats
  4 frilled lizards
  7 kobolds
  7 rats
55 creatures vanquished.

Notes
Turn   | Place    | Note
-------+----------+-------------------------------------------
     0 | D:1      | dialectric the Coglin Gladiator began the quest for the
                  | Orb.
     0 | D:1      | Reached XP level 1. HP: 16/16 MP: 1/1
   129 | D:1      | Reached XP level 2. HP: 22/22 MP: 2/2
   343 | D:1      | Reached XP level 3. HP: 28/28 MP: 3/3
   897 | D:1      | Reached XP level 4. HP: 33/34 MP: 4/4
  1359 | D:2      | Reached XP level 5. HP: 4/41 MP: 5/5
  1362 | D:2      | Slain by an orc

Illustrated notes

Levels and vault maps discovered:
D:1:      spicycebolla_arrival_transporter_tutorial, layout_loops_ring,
          corexii_corridor_pit, minmay_misc_feat_enclosed
D:2:      layout_basic, minmay_heptomino_o4

Skill      XL: |  1  2  3  4 |
---------------+-------------+-----
Throwing       | 2 |  2.7
Dodging        | 3 |  3.4
Polearms       | 3 |  3.3
Fighting       | 3 |  3.0

Action                     |  1- 3 |  4- 6 || total
---------------------------+-------+-------++-------
  Melee: Trident           |    84 |    64 ||   148
         Dagger            |    65 |    46 ||   111
    Use: Potion            |       |     1 ||     1
   Stab: Sleeping          |     3 |     1 ||     4
         Distracted        |     1 |       ||     1
 Armour: Leather armour    |    55 |    28 ||    83
  Dodge: Dodged            |    69 |    38 ||   107

Table legend: (Time is in decaauts)
 A = Elapsed time spent in this place.
 B = Non-inter-level travel time spent in this place.
 C = Inter-level travel time spent in this place.
 D = Time resting spent in this place.
 E = Time spent auto-exploring this place.
 F = Levels seen in this place.
 G = Mean time per level.
                   A        B        C        D        E       F      G
               +--------+--------+--------+--------+--------+-----+--------+
         Total |   1381 |   1330 |     51 |     35 |    955 |   2 |  690.5 |
       Dungeon |   1381 |   1330 |     51 |     35 |    955 |   2 |  690.5 |
               +--------+--------+--------+--------+--------+-----+--------+

Top non-repeatable levels by time:
     D:1: 882 daAuts
     D:2: 499 daAuts
